 Dungeon Crawl Stone Soup version 0.21.1-1-g345015fe64 (webtiles) character file.

9174 Peloso the Carver (level 11, -1/85 HPs)
             Began as a Demonspawn Fighter on May 15, 2018.
             Was a High Priest of Okawaru.
             Slain by an ettin
             ... wielding a +0 dire flail
              (24 damage)
             ... on level 1 of the Orcish Mines.
             The game lasted 00:21:48 (9423 turns).

Peloso the Carver (Demonspawn Fighter)              Turns: 9423, Time: 00:21:49

Health: -1/85      AC: 20    Str: 19    XL:     11   Next: 19%
Magic:  11/11      EV:  5    Int: 11    God:    Okawaru [*****.]
Gold:   573        SH: 11    Dex: 12    Spells: 10/10 levels left

rFire    . . .     SeeInvis .   a - +7 long sword
rCold    . . .     Gourm    .   c - +0 shield
rNeg     . . .     Faith    .   k - +1 plate armour
rPois    +         Spirit   .   E - +0 helmet
rElec    .         Reflect  .   p - scarf {cloud immunity}
rCorr    .         Harm     .   (no gloves)
MR       +....                  s - +0 pair of boots (curse)
Stlth    ..........             (no amulet)
HPRegen  0.24/turn              l - ring of protection from magic
MPRegen  0.12/turn              t - +4 ring of slaying

@: no status effects
A: hooves 1, slimy green scales 3, demonic guardian 2, rot immunity
a: Heroism, Finesse, Renounce Religion


You were on level 1 of the Orcish Mines.
You worshipped Okawaru.
Okawaru was extremely pleased with you.
You were very hungry.

You visited 3 branches of the dungeon, and saw 12 of its levels.

You collected 573 gold pieces.

Inventory:

Hand Weapons
 a - a +7 long sword (weapon)
 r - the +7 long sword "Ecarch" {slice, +Inv rC+++ Str-5 SInv}
   (Okawaru gifted it to you on level 9 of the Dungeon)

   It inflicts extra damage upon your enemies.
   It affects your strength (-5).
   It renders you almost immune to cold.
   It lets you see invisible.
   It lets you turn invisible.
Armour
 c - a +0 shield (worn)
 k - a +1 plate armour (worn)
 p - a scarf of cloud immunity (worn)
 s - a cursed +0 pair of boots (worn)
 E - a +0 helmet (worn)
Jewellery
 h - an uncursed ring of protection from cold
 l - a ring of protection from magic (left hand)
 t - a +4 ring of slaying (right hand)
 F - an uncursed ring of stealth
Wands
 v - a wand of flame (115)
 w - a wand of disintegration (17)
 A - a wand of clouds (5)
 B - a wand of enslavement (15)
 D - a wand of polymorph (14)
Scrolls
 e - 12 scrolls of identify
 g - 9 scrolls of teleportation
 i - 6 scrolls of remove curse
 n - 4 scrolls of enchant armour
 y - 3 scrolls of fear
 G - a scroll of fog
 I - 3 scrolls of amnesia
Potions
 d - 3 potions of might
 j - a potion of brilliance
 m - 4 potions of curing
 o - 2 potions of haste
 q - 2 potions of lignification
 u - 2 potions of agility
 x - 4 potions of flight
 z - 2 potions of heal wounds
 C - 2 potions of ambrosia
Books
 b - a book of Necromancy

   Spells                             Type                      Level
   a - Pain                           Necromancy                   1
   b - Animate Skeleton               Necromancy                   1
   c - Vampiric Draining              Necromancy                   3
   d - Regeneration                   Charms/Necromancy            3
   e - Animate Dead                   Necromancy                   4
   f - Borgnjor's Vile Clutch         Necromancy/Earth             5
 H - a book of Misfortune

   Spells                             Type                      Level
   a - Confusing Touch                Hexes                        1
   b - Confuse                        Hexes                        3
   c - Gell's Gravitas                Translocation                3
   d - Petrify                        Transmutation/Earth          4
   e - Metabolic Englaciation         Hexes/Ice                    5
   f - Yara's Violent Unravelling     Hexes/Transmutation          5
 J - a book of Cantrips

   Spells                             Type                      Level
   a - Confusing Touch                Hexes                        1
   b - Animate Skeleton               Necromancy                   1
   c - Summon Small Mammal            Summoning                    1
   d - Apportation                    Translocation                1
Comestibles
 f - 15 rations


   Skills:
 + Level 7.7 Fighting
 + Level 10.8 Long Blades
 + Level 6.9 Armour
 + Level 1.2 Dodging
 + Level 0.9 Stealth
 + Level 8.0 Shields
 + Level 1.2 Invocations


You had 10 spell levels left.
You didn't know any spells.

Dungeon Overview and Level Annotations

Branches:
Dungeon (10/15)            Temple (1/1) D:5            Lair (0/6) D:9
    Orc (1/2) D:9

Altars:
Ashenzari
Cheibriados
Dithmenos
Elyvilon
Fedhas
Gozag
Hepliaklqana
Kikubaaqudgha
Makhleb
Nemelex Xobeh
Okawaru
Qazlal
Ru
Sif Muna
Trog
Uskayaw
Vehumet
Wu Jian
Xom
Yredelemnul
Zin
The Shining One

Shops:
D:10 =

Portals:
Trove: D:10 (give 6 potions of agility)

Annotations:
D:6 Prince Ribbit
D:8 exclusion: oklob sapling


Innate Abilities, Weirdness & Mutations

You have large cloven feet.
You are completely covered in slimy green scales. (AC +4, rPois)
A demonic guardian rushes to your aid.
You are immune to rotting.


Message History

Your sixfirhy barely misses the ettin.
Your sixfirhy hits the ettin but does no damage.
You hit the ettin.
The ettin is lightly wounded.
Your sixfirhy hits the ettin!
Your sixfirhy shocks the ettin!
Your sixfirhy hits the ettin!
Your sixfirhy shocks the ettin!
Your sixfirhy hits the ettin but does no damage.
The ettin hits you with a dire flail! The ettin hits you with a dire flail!!
Your sixfirhy hits the ettin but does no damage.
You slash the ettin!
The ettin is almost dead.
The ettin hits you with a dire flail! The ettin hits you with a dire flail.
* * * LOW HITPOINT WARNING * * *
Unknown command.
You hit the ettin.
The ettin is almost dead.
You barely miss the ettin.
The ettin is almost dead.
The ettin hits you with a dire flail!!
You die...

.. ..# ###
#..##
###.##..... .
#..<..#
...###.....#
...........#
##.$$.3@#....#
#....C###...#
#..... ....#
##.... ....#
#....$ ....#
....#.. ###
..#.##. ..# ##


You could see an ettin and a friendly sixfirhy.

Vanquished Creatures
  Erolcha (D:9)
  A two-headed ogre (D:8)
  The ghost of AAAAA the Magician, a novice GnSk of Ashenzari (D:9)
  The ghost of dracomuter the Cudgeler, a novice TrCK of Xom (D:7)
  Maurice (D:8)
  A centaur zombie (D:10)
  The ghost of Dwachs the Slasher, an amateur DsGl (D:4)
  A hippogriff (D:9)
  The ghost of Gitz the Vandal, an amateur HuFE (D:5)
  A spriggan (D:7)
  5 yaks (D:9)
  A hungry ghost (D:9)
  A water moccasin (D:8)
  An ice beast (D:5)
  4 sky beasts
  An orc warrior (D:7)
  A centaur (D:7)
  2 necrophages
  4 ogres
  3 phantoms
  6 bullfrogs
  Blork the orc (D:6)
  4 scorpions
  A troll zombie (D:9)
  9 wights
  2 howler monkeys
  3 crimson imps
  2 bullfrog zombies (D:10)
  5 jellies
  5 orc priests
  A centaur skeleton (D:10)
  5 hounds
  Jessica (D:2)
  A bullfrog skeleton (D:6)
  3 iguanas
  9 orc wizards
  5 worker ants
  2 killer bee zombies
  7 ogre zombies (D:9)
  A hound skeleton (D:4)
  2 worker ant zombies
  16 adders
  A howler monkey skeleton (D:9)
  A shadow imp (D:5)
  An adder zombie (D:7)
  2 worms (D:2)
  2 dart slugs (D:2)
  6 leopard geckos
  29 orcs
  6 ball pythons (D:8)
  7 bats
  4 giant cockroaches
  7 goblins
  8 hobgoblins
  10 jackals
  7 quokkas
  A ball python skeleton (D:5)
  8 frilled lizards
  A goblin zombie (D:9)
  A hobgoblin skeleton (D:9)
  4 hobgoblin zombies (D:9)
  A jackal skeleton (D:4)
  A jackal zombie (D:7)
  9 kobolds
  A leopard gecko skeleton (D:5)
  2 orc skeletons (D:9)
  17 orc zombies (D:9)
  4 rats
265 creatures vanquished.

Vanquished Creatures (collateral kills)
  A phantom (D:9)
  A sky beast (D:7)
  A big kobold (D:7)
  A bullfrog (D:9)
  2 centaur skeletons
  A bullfrog zombie (D:6)
  2 orc wizards
  An iguana (D:6)
  An adder (D:7)
  2 orcs (D:10)
  A quokka (D:7)
  A ball python (D:8)
  2 kobolds (D:7)
17 creatures vanquished.

Vanquished Creatures (others)
  An orc wizard (D:7)
1 creature vanquished.

Grand Total: 283 creatures vanquished

Notes
Turn   | Place    | Note
-------+----------+-------------------------------------------
     0 | D:1      | Peloso the Demonspawn Fighter began the quest for the Orb.
     0 | D:1      | Reached XP level 1. HP: 18/18 MP: 1/1
   189 | D:1      | Gained mutation: You are partially covered in slimy green scales. (AC +2) [demonic ancestry]
   189 | D:1      | Reached XP level 2. HP: 16/24 MP: 2/2
   445 | D:1      | Reached skill level 2 in Long Blades
   800 | D:2      | Reached XP level 3. HP: 29/29 MP: 3/3
  1012 | D:2      | Noticed Jessica
  1024 | D:2      | Killed Jessica
  1024 | D:2      | Reached XP level 4. HP: 32/35 MP: 4/4
  2627 | D:4      | Gained mutation: You have large cloven feet. [demonic ancestry]
  2627 | D:4      | Reached XP level 5. HP: 41/42 MP: 5/5
  2697 | D:4      | Reached skill level 3 in Long Blades
  2976 | D:4      | Noticed Dwachs's ghost (amateur DsGl)
  3011 | D:4      | Killed Dwachs's ghost
  3011 | D:4      | Gained mutation: You are mostly covered in slimy green scales. (AC +3) [demonic ancestry]
  3011 | D:4      | Reached XP level 6. HP: 3/48 MP: 6/6
  3334 | D:4      | Reached skill level 4 in Long Blades
  3334 | D:4      | Gained mutation: A weak demonic guardian rushes to your aid. [demonic ancestry]
  3334 | D:4      | Reached XP level 7. HP: 50/54 MP: 7/7
  3474 | D:5      | Entered Level 5 of the Dungeon
  3841 | D:5      | Found a staircase to the Ecumenical Temple.
  3847 | Temple   | Entered the Ecumenical Temple
  3944 | Temple   | Became a worshipper of Warmaster Okawaru
  4006 | D:5      | Reached skill level 5 in Shields
  4044 | D:5      | Noticed Gitz's ghost (amateur HuFE)
  4059 | D:5      | Killed Gitz's ghost
  4059 | D:5      | Reached skill level 5 in Long Blades
  4070 | D:5      | Found a shadowy altar of Dithmenos.
  4572 | D:5      | Gained mutation: You are completely covered in slimy green scales. (AC +4, rPois) [demonic ancestry]
  4572 | D:5      | Reached XP level 8. HP: 55/60 MP: 8/8
  4710 | D:6      | Reached * piety under Okawaru
  4790 | D:6      | Reached skill level 6 in Long Blades
  4827 | D:6      | Noticed Blork the orc
  4856 | D:6      | Killed Blork the orc
  4953 | D:6      | Noticed Prince Ribbit
  5608 | D:6      | Reached ** piety under Okawaru
  5622 | D:6      | Reached skill level 7 in Long Blades
  5630 | D:6      | Reached skill level 5 in Armour
  5751 | D:7      | Gained mutation: You are immune to rotting. [demonic ancestry]
  5751 | D:7      | Reached XP level 9. HP: 51/67 MP: 9/9
  5761 | D:7      | Reached skill level 5 in Fighting
  5821 | D:7      | Reached skill level 1 in Dodging
  6036 | D:7      | Noticed dracomuter's ghost (novice TrCK)
  6055 | D:7      | Killed dracomuter's ghost
  6055 | D:7      | Reached *** piety under Okawaru
  6055 | D:7      | Reached skill level 8 in Long Blades
  6457 | D:7      | Identified a scroll of acquirement
  6494 | D:8      | Reached skill level 9 in Long Blades
  6497 | D:8      | Found a bloodstained altar of Trog.
  6512 | D:8      | Reached skill level 1 in Invocations
  6588 | D:8      | Noticed a two-headed ogre
  6594 | D:8      | Killed a two-headed ogre
  6594 | D:8      | Reached **** piety under Okawaru
  6594 | D:8      | Reached XP level 10. HP: 64/76 MP: 10/10
  6648 | D:8      | Found a hide-covered altar of Uskayaw.
  6658 | D:8      | Found a stormy altar of Qazlal.
  6726 | D:8      | Found a blossoming altar of Fedhas.
  6746 | D:8      | Noticed Maurice
  6764 | D:8      | Killed Maurice
  7057 | D:9      | Found a staircase to the Orcish Mines.
  7108 | D:9      | Noticed AAAAA's ghost (novice GnSk)
  7132 | D:9      | Killed AAAAA's ghost
  7132 | D:9      | Reached ***** piety under Okawaru
  7132 | D:9      | Reached skill level 10 in Long Blades
  7564 | D:9      | Noticed Erolcha
  7573 | D:9      | Killed Erolcha
  7573 | D:9      | Received a gift from Okawaru
  7584 | D:9      | Got an ebony long sword {god gift}
  7585 | D:9      | Identified the +7 long sword "Ecarch" {slice, +Inv rC+++ Str-5 SInv} (Okawaru gifted it to you on level 9 of the Dungeon)
  7791 | D:9      | Found a staircase to the Lair.
  7917 | D:9      | Found a bloodstained altar of Trog.
  7978 | D:9      | Gained mutation: A demonic guardian rushes to your aid. [demonic ancestry]
  7978 | D:9      | Reached XP level 11. HP: 75/84 MP: 11/11
  8033 | D:10     | Entered Level 10 of the Dungeon
  8795 | D:10     | Found Fer Wafo's Jewellery Shop.
  9068 | D:10     | Found a portal to a secret trove of treasure.
  9413 | Orc:1    | Entered Level 1 of the Orcish Mines
  9414 | Orc:1    | Noticed an ettin
  9423 | Orc:1    | Slain by an ettin

Skill      XL: |  1  2  3  4  5  6  7  8  9 10 11 |
---------------+----------------------------------+-----
Armour         | 3 4 5 6 |  6.9
Shields        | 3 4 5 6 7 8 |  8.0
Long Blades    | 2 3 4 5 7 9 10 | 10.8
Fighting       | 4 5 7 |  7.7
Dodging        | 1 |  1.2
Invocations    | 1 |  1.2
Stealth        | |  0.9

Action                   |  1- 3 |  4- 6 |  7- 9 | 10-12 || total
-------------------------+-------+-------+-------+-------++-------
Melee: Long sword        |   114 |   170 |   412 |   336 ||  1032
       Kick              |       |     7 |       |       ||     7
Invok: Heroism           |       |       |     1 |       ||     1
  Use: Scroll            |       |    14 |     2 |     7 ||    23
       Potion            |       |       |     2 |       ||     2
 Stab: Distracted        |       |       |     1 |       ||     1
  Eat: Chunk             |       |     3 |    12 |    10 ||    25
       Ration            |       |     1 |       |       ||     1
Armor: Scale mail        |    64 |       |       |       ||    64
       Chain mail        |    13 |     9 |       |       ||    22
       Plate armour      |       |   100 |   255 |   136 ||   491
Dodge: Dodged            |    36 |    25 |    54 |    28 ||   143
Block: Shield            |    65 |    82 |   193 |   107 ||   447
       Rpst.: Long sword |    17 |     9 |    19 |    13 ||    58
